Map: Redshift LE

Players

파파이스치킨

  • Race: Zerg Zerg
  • Spawn Location: 7:00

AdAstra - Winner!

  • Race: Terran Terran
  • League: Diamond
  • Spawn Location: 11:00

VOD

Have the link to the VOD?

Description

Hi. Please send me comments if this build is legit/effective or not
Against zerg

0.00 scv
0.19 depot - block ramp
keep scv production
15/15 scv before 1st refinery
0.40 1st depot finishes. 16/23 scv before barracks
0.51 3scvs on 1st refinery. build 2nd refinery
1.23 1st factory. build reactor on barracks. then switch 1st factory with barracks.
1.53 @20/23 supply, orbital. 2nd factory
2.03 2nd depot. stop scv production
2.35 3rd depot. 2 cyclones on refinery with reactor. helion on 2nd factory
3.10 about here, resume scv production. pull about 5ish scvs on autor repair. push to front of zerg's natural
3.28 2helions on factory with reactor, cyclone on 2nd factory. build depost as necessary
3.51 starport. continue scv-helion-cyclone
add liberator for support

Against terran
*as above but do 111 build
reaper-helion-cyclone-liberator push

Against protoss
*not effective
better to just do proxy barracks and marine push :)

Time

  • Played on: May 28, 2018, 7:19 p.m.
  • Length: 6:49
Show
View Real Time Build Order
Export as new Build Order

파파이스치킨 Zerg 

Build Orders: Hatch First 

Get SALT Encoding   

  12  0:01  Drone  
  13  0:10  Drone  
  14  0:16  Overlord  
  14  0:35  Drone x3  
  17  0:54  Hatchery  
  17  0:56  Drone  
  17  0:58  Extractor  
  16  1:14  Spawning Pool, Drone  
  16  1:17  Drone  
  17  1:21  Drone  
  18  1:33  Drone  
  19  1:43  Drone  
  20  2:01  Metabolic Boost  
  20  2:02  Queen  
  20  2:05  Queen  
  20  2:06  Zergling x2  
  20  2:07  Zergling x2  
  26  2:09  Overlord  
  26  2:24  Drone x2  
  28  2:30  Drone x2  
  28  2:36  Drone  
  32  2:44  Drone  
  32  2:51  Drone  
  33  2:56  Drone x2  
  35  2:59  Overlord  
  35  3:05  Evolution Chamber  
  35  3:06  Evolution Chamber  
  35  3:09  Drone  
  35  3:10  Baneling Nest, Drone x3  
  36  3:26  Hatchery  
  35  3:28  Queen  
  37  3:40  Drone x6  
  43  3:46  Overlord  
  43  3:50  Zergling x2  
  43  3:56  Zerg Melee Weapons Level 1  
  43  4:03  Queen  
  43  4:05  Zergling x2  
  43  4:06  Zergling x10  
  51  4:15  Zergling x2  
  50  4:21  Overlord  
  51  4:24  Zergling x2  
  51  4:29  Queen  
  49  4:33  Zergling x10  
  49  4:39  Queen, Zergling x2  
  50  4:47  Zergling x6  
Show
View Real Time Build Order
Export as new Build Order

AdAstra Terran - Winner!

Build Orders: Cyclone Opening 

Get SALT Encoding   

  12  0:01  SCV  
  13  0:15  SCV  
  13  0:18  Supply Depot  
  14  0:27  SCV  
  15  0:32  Refinery  
  15  0:40  SCV  
  16  0:45  Barracks  
  16  0:51  Refinery  
  16  0:55  SCV  
  17  1:07  SCV  
  18  1:19  SCV  
  19  1:33  Factory  
  19  1:34  SCV  
  19  1:35  Barracks Reactor  
  20  1:48  Orbital Command  
  20  1:54  Factory  
  20  2:04  Supply Depot  
  20  2:18  Supply Depot  
  20  2:24  Supply Depot  
  22  2:31  Cyclone  
  23  2:41  Cyclone  
  26  2:47  Hellion  
  28  3:02  Supply Depot  
  28  3:03  Hellion, SCV  
  31  3:18  Cyclone  
  34  3:23  Hellion  
  36  3:36  Hellion  
  38  3:41  SCV  
  39  3:51  Starport  
  39  4:18  SCV  
  40  4:36  Liberator  
  34  4:39  Hellion  
  34  4:40  Hellion x2  
  40  4:54  SCV  
  40  5:01  Hellion  
  40  5:09  Hellion, Cyclone  
  40  5:42  Hellion  
  40  5:43  Hellion  
  40  5:50  Supply Depot  
  40  5:52  Supply Depot  
  40  6:12  Hellion x3  
  40  6:13  SCV  
  40  6:18  Supply Depot  
Tags
 
Add a new tag
Caveats
  • Supply blocks, unpowered buildings, or Contaminate may cause inaccurate times.
  • Supply counts are checked every 10 seconds.